 Dungeon Crawl Stone Soup version 0.29.1-15-g9cfb28693d (webtiles) character file.

Game seed: 16113487062786982250

51 wingedge the Sneak (level 3, 0/32 HPs)
             Began as a Naga Hunter on Feb 21, 2023.
             Slain by a goblin
             ... wielding a +0 dagger
             ... led by Robin
              (3 damage)
             ... on level 2 of the Dungeon.
             The game lasted 00:10:22 (1722 turns).

wingedge the Sneak (Naga Hunter)                    Turns: 1722, Time: 00:10:22

Health: 0/32       AC:  2    Str: 11 (13) XL:     3   Next: 83%
Magic:  3/3        EV:  9    Int: 16 (17) God:
Gold:   74         SH:  0    Dex: 11 (14) Spells: 2/2 levels left

rFire   . . .      SeeInvis +   b - +0 short sword
rCold   . . .      Faith    .   (no shield)
rNeg    . . .      Spirit   .   c - +0 leather armour
rPois   +          Reflect  .   (no helmet)
rElec   .          Harm     .   (no cloak)
rCorr   .          Rampage  .   (no gloves)
Will    .....                   (no barding)
Stlth   ++........              (no amulet)
HPRegen 0.10/turn               n - +6 ring of intelligence
MPRegen 0.08/turn               (no ring)

@: about to teleport, very slow
A: AC +1, large, see invisible, deformed body, poison resistance, slowness 2,
spit poison 1, naga tail 1
a: Spit Poison


You were on level 2 of the Dungeon.
You visited 1 branch of the dungeon, and saw 2 of its levels.

You collected 74 gold pieces.

Inventory:

Hand Weapons
 a - a +0 shortbow
 b - a +0 short sword (weapon)
Missiles
 k - 5 atropa-tipped darts
Armour
 c - a +0 leather armour (worn)
Jewellery
 n - a +6 ring of intelligence (left hand)
Scrolls
 h - a scroll of vulnerability {unknown}
 i - a scroll of immolation
 j - a scroll of noise {unknown}
Potions
 m - a potion of heal wounds {unknown}


   Skills:
 - Level 2.0 Fighting
 - Level 4.0 Ranged Weapons
 + Level 1.8 Dodging
 + Level 4.7 Stealth


You had 2 spell levels left.
You didn't know any spells.
Your spell library contained the following spells:

 Spells                   Type           Power      Damage    Failure   Level
 Iskenderun's Battlesphe  Conj           0%         2d6       100%        5
 Iron Shot                Conj/Erth      0%         9d1       100%        6
 Spellforged Servitor     Conj/Summ      0%         N/A       100%        7


Dungeon Overview and Level Annotations

Branches:
Dungeon (2/15)

Altars:
Xom

Shops:
D:1 :

Annotations:
D:2 Robin


Innate Abilities, Weirdness & Mutations

Your serpentine skin is tough. (AC +1)
You have supernaturally acute eyesight. (SInv)
Armour fits poorly on your strangely shaped body.
Your system is resistant to poisons. (rPois)
You cover ground very slowly.
You can spit poison.
You have a snake-like lower body.


Message History

You fail to use your ability.
The goblin hits you with a +0 dagger.
Robin of the Strong Arm comes into view.
They are wielding a +0 club.
b - a +0 short sword (weapon)
The goblin hits you with a +0 dagger.
You closely miss the goblin. The goblin hits you with a +0 dagger.
The endoplasm hits you.
Okay, then.
Okay, then.
Aiming: Spit Poison (2% risk of failure)
Press: ? - help, Shift-Dir - straight line, f/p - goblin
Aim: a goblin, wielding a +0 dagger (50% to hit)
The splash of poison hits the goblin!
The goblin is poisoned.
You kill the goblin!
The endoplasm freezes you.
You are frozen.
Robin roars a battlecry!
The goblins go into a battle-frenzy!
Okay, then.
As you read the scroll labelled BEN CAIWANOM, it crumbles to dust.
The scroll dissolves into smoke.
It was a scroll of fog.
The endoplasm freezes you.
You are frozen.
The goblin closely misses you. Robin throws the goblin at you!
As you read the scroll labelled IDAXTE URUZI, it crumbles to dust.
You feel strangely unstable.
It was a scroll of teleportation.
You have got your breath back.
The goblin hits you with a +0 dagger. The endoplasm freezes you.
You are frozen.
* * * LOW HITPOINT WARNING * * *
The goblin hits you with a +1 dagger of venom.
* * * LOW HITPOINT WARNING * * *
It was a potion of degeneration.
There was something very wrong with that liquid.
You feel weakened.
You feel dopey.
You feel clumsy. The goblin hits you but does no damage.
The endoplasm completely misses you. The goblin hits you but does no damage.
Robin roars a battlecry!
It was a potion of magic.
Magic courses through your body. The goblin hits you with a +0 dagger.
You die...

#.###.##### #......#
.#.##.# ##.##### ###...#
#.# .#.#### ##'## . #.##
##...## #.# #.####
##°....## .... ..##.##
##..>.§§§## .....
..#...####....§g§g§#...#
P........'....§§@Jg)g.#
......####...)°§§§g##..#
P....## ##...§§§.##


gg# ...#.# ##°....## . ...#.# ##...## ♣P.#.# ##'## ...#.# #.# ..##.# #.# ..##.#
##.## You could see Robin, an endoplasm and 3 goblins.

Vanquished Creatures
  4 ball pythons
  5 bats
  5 endoplasms
  8 goblins
  6 hobgoblins
  4 jackals (D:2)
  3 kobolds
  A quokka (D:2)
  4 frilled lizards
  2 rats
42 creatures vanquished.

Notes
Turn   | Place    | Note
-------+----------+-------------------------------------------
     0 | D:1      | wingedge the Naga Hunter began the quest for the Orb.
     0 | D:1      | Reached XP level 1. HP: 19/19 MP: 1/1
   161 | D:1      | Reached XP level 2. HP: 24/26 MP: 2/2
   412 | D:1      | Found Gejorch's Book Shoppe.
  1055 | D:2      | Reached XP level 3. HP: 32/32 MP: 3/3
  1064 | D:2      | Found a faded altar of an unknown god.
  1336 | D:2      | Found a shimmering altar of Xom.
  1715 | D:2      | Noticed Robin
  1722 | D:2      | Slain by a goblin

Illustrated notes

Levels and vault maps discovered:
D:1:      nagdon_arrival_double_spiral, layout_basic, serial_shops,
          nicolae_shop_competitors_out_of_business
D:2:      layout_loops_corners, basic_altar, dreamdust_ecumenical_altar_grove,
          uniq_robin

Skill      XL: |  1  2  3 |
---------------+----------+-----
Stealth        | 2 3 4 |  4.7
Ranged Weapons | 4 |  4.0
Fighting       | |  2.0
Dodging        | |  1.8

Action                   || total
-------------------------++-------
Melee: Dagger            ||     1
       Short sword       ||     8
 Fire: Shortbow          ||    60
 Abil: Spit Poison       ||    10
  Use: Scroll            ||     4
       Potion            ||     2
Armor: Leather armour    ||     7
Dodge: Dodged            ||    16
